TOP OF THE 1ST |
Boston Red Sox batting - Pitching for Tampa Bay Rays : RHP Michael Pineda
|
Pitching: RHP Michael Pineda
|
|
Batting: RHB Cesar Puello
|
0-0: Foul Ball, location: 2F 0-1: Foul Ball, location: 2F 0-2: Strikes out looking
|
Batting: LHB J.P. Crawford
|
0-0: Called Strike 0-1: Swinging Strike 0-2: Foul Ball, location: 2F 0-2: Ball 1-2: Fly out, F9 (Line Drive, 9)
|
Batting: SHB Yangervis Solarte
|
0-0: Fly out, F3 (Popup, 3SF)
|
Top of the 1st over - 0 runs, 0 hits, 0 errors, 0 left on base; Boston 0 - Tampa Bay 0 |
BOTTOM OF THE 1ST |
Tampa Bay Rays batting - Pitching for Boston Red Sox : LHP Marco Gonzales
|
Pitching: LHP Marco Gonzales
|
|
Batting: LHB Michael Conforto
|
0-0: Foul Ball, location: 2F 0-1: Fly out, F6 (Popup, P)
|
Batting: RHB A.J. Pollock
|
0-0: Ball 1-0: Ball 2-0: SOLO HOME RUN (Flyball, 7LD), Distance : 336 ft
|
Batting: LHB Joey Votto
|
0-0: Ball 1-0: Foul Ball, location: 2F 1-1: Ball 2-1: Foul Ball, location: 2F 2-2: Foul Ball, location: 2F 2-2: Ball 3-2: Base on Balls
|
Batting: RHB Gary Sanchez
|
0-0: Called Strike 0-1: Ball 1-1: Foul Ball, location: 2F 1-2: Grounds into double play, 6-4-3 (Groundball, 6)
|
Bottom of the 1st over - 1 run, 1 hit, 0 errors, 0 left on base; Boston 0 - Tampa Bay 1 |
TOP OF THE 2ND |
Boston Red Sox batting - Pitching for Tampa Bay Rays : RHP Michael Pineda
|
Batting: RHB Yoenis Cespedes
|
0-0: Called Strike 0-1: DOUBLE (Line Drive, 89D)
|
Batting: LHB Jackie Bradley Jr.
|
0-0: Fly out, F8 (Flyball, 8LD)
|
Batting: LHB Matt Adams
|
0-0: Ball 1-0: Called Strike 1-1: Ball 2-1: Ball 3-1: Ground out 4-3 (Groundball, 4) Yoenis Cespedes to third
|
Batting: LHB Alex Dickerson
|
0-0: Ground out 4-3 (Groundball, 4)
|
Top of the 2nd over - 0 runs, 1 hit, 0 errors, 1 left on base; Boston 0 - Tampa Bay 1 |
BOTTOM OF THE 2ND |
Tampa Bay Rays batting - Pitching for Boston Red Sox : LHP Marco Gonzales
|
Batting: SHB Neil Walker
|
0-0: Called Strike 0-1: Ball 1-1: Ball 2-1: Ball 3-1: Called Strike 3-2: Base on Balls
|
Batting: RHB Adrian Beltre
|
0-0: Ball 1-0: Ball 2-0: Ball 3-0: SINGLE (Line Drive, 7S) Neil Walker to second
|
Batting: LHB Adam Eaton
|
0-0: Called Strike 0-1: Ball 1-1: Called Strike 1-2: Ball 2-2: Foul Ball, location: 2F 2-2: Ball 3-2: Fly out, F7 (Flyball, 7LM)
|
Batting: RHB Matt Duffy
|
0-0: Ball 1-0: Ball 2-0: Fielders Choice at 2nd, 6-4 (Groundball, 6) Neil Walker to third
|
Batting: LHB Chris Davis
|
0-0: Foul Ball, location: 2F 0-1: Ball 1-1: Foul Ball, location: 2F 1-2: Ground out U3 (Groundball, 3L)
|
Bottom of the 2nd over - 0 runs, 1 hit, 0 errors, 2 left on base; Boston 0 - Tampa Bay 1 |
TOP OF THE 3RD |
Boston Red Sox batting - Pitching for Tampa Bay Rays : RHP Michael Pineda
|
Batting: RHB Travis d'Arnaud
|
0-0: Called Strike 0-1: Ball 1-1: Swinging Strike 1-2: Foul Ball, location: 2F 1-2: Strikes out swinging
|
Batting: LHB Daniel Descalso
|
0-0: Ball 1-0: Ball 2-0: Ball 3-0: Called Strike 3-1: Called Strike 3-2: DOUBLE (Groundball, 5L)
|
Batting: RHB Cesar Puello
|
0-0: Ball 1-0: Ball 2-0: Foul Ball, location: 2F 2-1: Foul Ball, location: 2F 2-2: Fly out, F9 (Flyball, 89D) Runner from 2nd tags up, SAFE at 3rd, no throw by RF
|
Batting: LHB J.P. Crawford
|
0-0: Swinging Strike 0-1: Called Strike 0-2: Strikes out looking
|
Top of the 3rd over - 0 runs, 1 hit, 0 errors, 1 left on base; Boston 0 - Tampa Bay 1 |
BOTTOM OF THE 3RD |
Tampa Bay Rays batting - Pitching for Boston Red Sox : LHP Marco Gonzales
|
Batting: LHB Michael Conforto
|
0-0: Called Strike 0-1: Swinging Strike 0-2: Foul Ball, location: 2F 0-2: Foul Ball, location: 2F 0-2: Fly out, F8 (Flyball, 8RD)
|
Batting: RHB A.J. Pollock
|
0-0: Swinging Strike 0-1: Ball 1-1: Ball 2-1: SINGLE (Groundball, 56)
|
Batting: LHB Joey Votto
|
0-0: Called Strike 0-1: Foul Ball, location: 2F 0-2: Ball 1-2: Ball 2-2: Ball 3-2: Foul Ball, location: 2F 3-2: Ground out 4-3 (Groundball, 4) A.J. Pollock to second
|
Batting: RHB Gary Sanchez
|
0-0: Swinging Strike 0-1: Hit by Pitch
|
Batting: SHB Neil Walker
|
0-0: Called Strike 0-1: Swinging Strike 0-2: Ground out 1-3 (Groundball, 25)
|
Bottom of the 3rd over - 0 runs, 1 hit, 0 errors, 2 left on base; Boston 0 - Tampa Bay 1 |
TOP OF THE 4TH |
Boston Red Sox batting - Pitching for Tampa Bay Rays : RHP Michael Pineda
|
Batting: SHB Yangervis Solarte
|
0-0: Ball 1-0: Called Strike 1-1: Ball 2-1: Ground out 1-3 (Groundball, P)
|
Batting: RHB Yoenis Cespedes
|
0-0: Ball 1-0: Ball 2-0: Ball 3-0: Called Strike 3-1: DOUBLE (Flyball, 78XD)
|
Batting: LHB Jackie Bradley Jr.
|
0-0: Called Strike 0-1: Foul Ball, location: 2F 0-2: Strikes out swinging
|
Batting: LHB Matt Adams
|
0-0: Foul Ball, location: 2F 0-1: Called Strike 0-2: Ball 1-2: Strikes out swinging
|
Top of the 4th over - 0 runs, 1 hit, 0 errors, 1 left on base; Boston 0 - Tampa Bay 1 |
BOTTOM OF THE 4TH |
Tampa Bay Rays batting - Pitching for Boston Red Sox : LHP Marco Gonzales
|
Batting: RHB Adrian Beltre
|
0-0: Ball 1-0: Called Strike 1-1: Called Strike 1-2: Foul Ball, location: 2F 1-2: Foul Ball, location: 2F 1-2: Ball 2-2: Strikes out looking
|
Batting: LHB Adam Eaton
|
0-0: Ball 1-0: Fly out, F8 (Flyball, 8RM)
|
Batting: RHB Matt Duffy
|
0-0: Ball 1-0: Ball 2-0: Called Strike 2-1: Fly out, F8 (Line Drive, 8RD)
|
Bottom of the 4th over - 0 runs, 0 hits, 0 errors, 0 left on base; Boston 0 - Tampa Bay 1 |
TOP OF THE 5TH |
Boston Red Sox batting - Pitching for Tampa Bay Rays : RHP Michael Pineda
|
Batting: LHB Alex Dickerson
|
0-0: Called Strike 0-1: Ball 1-1: Called Strike 1-2: Ball 2-2: Foul Ball, location: 2F 2-2: Ground out 4-3 (Groundball, 4)
|
Batting: RHB Travis d'Arnaud
|
0-0: Foul Ball, location: 2F 0-1: Ground out 6-3 (Groundball, 6)
|
Batting: LHB Daniel Descalso
|
0-0: Ground out 4-3 (Groundball, 4M)
|
Top of the 5th over - 0 runs, 0 hits, 0 errors, 0 left on base; Boston 0 - Tampa Bay 1 |
BOTTOM OF THE 5TH |
Tampa Bay Rays batting - Pitching for Boston Red Sox : LHP Marco Gonzales
|
Batting: LHB Chris Davis
|
0-0: Called Strike 0-1: Ball 1-1: Ball 2-1: Foul Ball, location: 2F 2-2: Strikes out swinging
|
Batting: LHB Michael Conforto
|
0-0: Hit by Pitch
|
Batting: RHB A.J. Pollock
|
0-0: Ball 1-0: Called Strike 1-1: SINGLE (Line Drive, 56D) Michael Conforto to second
|
Batting: LHB Joey Votto
|
0-0: Foul Ball, location: 2F 0-1: Called Strike 0-2: Ball 1-2: Ball 2-2: Foul Ball, location: 2F 2-2: SINGLE (Line Drive, 89S) Michael Conforto to third A.J. Pollock to second Runner from 3rd tries for Home, SAFE, throw by RF to home
|
Batting: RHB Gary Sanchez
|
0-0: Called Strike A.J. Pollock is caught stealing 3rd base 2-5Joey Votto to 2nd base Joey Votto to second 0-1: Called Strike 0-2: Ball 1-2: Ball 2-2: Foul Ball, location: 2F 2-2: Strikes out looking
|
Bottom of the 5th over - 1 run, 2 hits, 0 errors, 1 left on base; Boston 0 - Tampa Bay 2 |
TOP OF THE 6TH |
Boston Red Sox batting - Pitching for Tampa Bay Rays : RHP Michael Pineda
|
Batting: RHB Cesar Puello
|
0-0: Ball 1-0: Foul Ball, location: 2F 1-1: Foul Ball, location: 2F 1-2: Ball 2-2: Foul Ball, location: 2F 2-2: Foul Ball, location: 2F 2-2: Foul Ball, location: 2F 2-2: DOUBLE (Groundball, 5L)
|
Batting: LHB J.P. Crawford
|
0-0: Ball 1-0: Foul Ball, location: 2F 1-1: Foul Ball, location: 2F 1-2: Ball 2-2: Foul Ball, location: 2F 2-2: Fly out, F9 (Flyball, 9S)
|
Batting: SHB Yangervis Solarte
|
0-0: Ball 1-0: Called Strike 1-1: Foul Ball, location: 2F 1-2: Ball 2-2: Ball 3-2: Foul Ball, location: 2F 3-2: Foul Ball, location: 2F 3-2: Fly out, F9 (Line Drive, 9) Runner from 2nd tags up, OUT at 3rd! 9-5
|
Top of the 6th over - 0 runs, 1 hit, 0 errors, 0 left on base; Boston 0 - Tampa Bay 2 |
BOTTOM OF THE 6TH |
Tampa Bay Rays batting - Pitching for Boston Red Sox : LHP Marco Gonzales
|
Pitching: RHP Nick Vincent
|
|
Batting: SHB Neil Walker
|
0-0: Foul Ball, location: 2F 0-1: Ball 1-1: Ball 2-1: Foul Ball, location: 2F 2-2: Foul Ball, location: 2F 2-2: Fly out, F6 (Popup, 4M)
|
Batting: RHB Adrian Beltre
|
0-0: Fly out, F8 (Flyball, 8LXD)
|
Batting: LHB Adam Eaton
|
0-0: Foul Ball, location: 2F 0-1: Fly out, F6 (Popup, 6M)
|
Bottom of the 6th over - 0 runs, 0 hits, 0 errors, 0 left on base; Boston 0 - Tampa Bay 2 |
TOP OF THE 7TH |
Boston Red Sox batting - Pitching for Tampa Bay Rays : RHP Michael Pineda
|
Batting: RHB Yoenis Cespedes
|
0-0: Foul Ball, location: 2F 0-1: Called Strike 0-2: Ball 1-2: DOUBLE (Line Drive, 89D)
|
Batting: LHB Jackie Bradley Jr.
|
0-0: Foul Ball, location: 2F 0-1: Ball 1-1: SINGLE (Groundball, 56S) (infield hit) Yoenis Cespedes to third
|
Batting: LHB Matt Adams
|
0-0: Ball 1-0: Foul Ball, location: 2F 1-1: Called Strike 1-2: Ball 2-2: Ball 3-2: Foul Ball, location: 2F 3-2: Strikes out swinging
|
Pitching: RHP Frankie Montas
|
|
Batting: LHB Alex Dickerson
|
0-0: Ball 1-0: Swinging Strike 1-1: Called Strike 1-2: Strikes out swinging
|
Batting: RHB Travis d'Arnaud
|
0-0: Ball 1-0: Fly out, F9 (Flyball, 9S)
|
Top of the 7th over - 0 runs, 2 hits, 0 errors, 2 left on base; Boston 0 - Tampa Bay 2 |
BOTTOM OF THE 7TH |
Tampa Bay Rays batting - Pitching for Boston Red Sox : RHP Nick Vincent
|
Batting: RHB Matt Duffy
|
0-0: Fly out, F9 (Line Drive, 9)
|
Batting: LHB Chris Davis
|
0-0: Called Strike 0-1: Swinging Strike 0-2: Foul Ball, location: 2F 0-2: Strikes out swinging
|
Batting: LHB Michael Conforto
|
0-0: Ball 1-0: Ball 2-0: Ball 3-0: Ground out 6-3 (Groundball, 6D)
|
Bottom of the 7th over - 0 runs, 0 hits, 0 errors, 0 left on base; Boston 0 - Tampa Bay 2 |
TOP OF THE 8TH |
Boston Red Sox batting - Pitching for Tampa Bay Rays : RHP Frankie Montas
|
Batting: LHB Daniel Descalso
|
0-0: SINGLE (Line Drive, 6D)
|
Batting: RHB Cesar Puello
|
0-0: Ball 1-0: Ball 2-0: Called Strike 2-1: SINGLE (Flyball, 9LS) Daniel Descalso to second Runner from 2nd tries for 3rd, SAFE, throw by RF made to third
|
Batting: LHB J.P. Crawford
|
0-0: Called Strike 0-1: Ball 1-1: Called Strike 1-2: Strikes out swinging
|
Batting: SHB Yangervis Solarte
|
0-0: Ball 1-0: DOUBLE (Flyball, 78XD) Daniel Descalso scores Cesar Puello to third
|
Batting: RHB Yoenis Cespedes
|
0-0: Ball Wild Pitch! Cesar Puello scores Yangervis Solarte to third 1-0: Fly out, F8 (Flyball, 8LS)
|
Pitching: LHP James Pazos
|
|
Batting: LHB Jackie Bradley Jr.
|
0-0: Called Strike 0-1: Fly out, F9 (Flyball, 9LM)
|
Top of the 8th over - 2 runs, 3 hits, 0 errors, 1 left on base; Boston 2 - Tampa Bay 2 |
BOTTOM OF THE 8TH |
Tampa Bay Rays batting - Pitching for Boston Red Sox : RHP Nick Vincent
|
Pitching: RHP Cam Bedrosian
|
|
Batting: RHB A.J. Pollock
|
0-0: Ball 1-0: Swinging Strike 1-1: Ground out 2-3 (Groundball, 2L)
|
Batting: LHB Joey Votto
|
0-0: Foul Ball, location: 2F 0-1: Ball 1-1: Ball 2-1: DOUBLE (Line Drive, 9LD)
|
Batting: RHB Gary Sanchez
|
0-0: Ball 1-0: Ball 2-0: Called Strike 2-1: SINGLE (Line Drive, 78M) Joey Votto to third
|
Pitching: RHP Oliver Drake
|
|
Batting: SHB Neil Walker
|
0-0: Ball 1-0: Called Strike 1-1: Ball 2-1: Foul Ball, location: 2F 2-2: Strikes out looking
|
Batting: RHB Adrian Beltre
|
0-0: Ball Pickoff Throw to First - Out! 1-3
|
Bottom of the 8th over - 0 runs, 2 hits, 0 errors, 1 left on base; Boston 2 - Tampa Bay 2 |
TOP OF THE 9TH |
Boston Red Sox batting - Pitching for Tampa Bay Rays : LHP James Pazos
|
Pitching: RHP Brad Brach
|
|
Batting: LHB Matt Adams
|
0-0: Ball 1-0: Foul Ball, location: 2F 1-1: Called Strike 1-2: Strikes out swinging
|
Batting: LHB Alex Dickerson
|
0-0: Called Strike 0-1: Fly out, F9 (Flyball, 9S)
|
Batting: RHB Travis d'Arnaud
|
0-0: Ball 1-0: Ball 2-0: Swinging Strike 2-1: Fly out, F8 (Line Drive, 8RM)
|
Top of the 9th over - 0 runs, 0 hits, 0 errors, 0 left on base; Boston 2 - Tampa Bay 2 |
BOTTOM OF THE 9TH |
Tampa Bay Rays batting - Pitching for Boston Red Sox : RHP Oliver Drake
|
Batting: RHB Adrian Beltre
|
0-0: Ball 1-0: Ball 2-0: Called Strike 2-1: SINGLE (Line Drive, 78S)
|
Batting: LHB Adam Eaton
|
0-0: Swinging Strike 0-1: Swinging Strike 0-2: Strikes out swinging
|
Batting: RHB Matt Duffy
|
0-0: Grounds into double play, 2-4-3 (Groundball, 2L)
|
Bottom of the 9th over - 0 runs, 1 hit, 0 errors, 0 left on base; Boston 2 - Tampa Bay 2 |
TOP OF THE 10TH |
Boston Red Sox batting - Pitching for Tampa Bay Rays : RHP Brad Brach
|
Pitching: RHP Darren O'Day
|
|
Batting: LHB Daniel Descalso
|
0-0: Called Strike 0-1: Swinging Strike 0-2: Ball 1-2: Strikes out looking
|
Batting: RHB Cesar Puello
|
0-0: Called Strike 0-1: Called Strike 0-2: Strikes out swinging
|
Batting: LHB J.P. Crawford
|
0-0: Ball 1-0: Ball 2-0: Ball 3-0: Base on Balls
|
Batting: SHB Yangervis Solarte
|
0-0: Called Strike 0-1: Swinging Strike 0-2: Foul Ball, location: 2F 0-2: Ball 1-2: Ball 2-2: Foul Ball, location: 2F 2-2: Ground out 5-3 (Groundball, 56S)
|
Top of the 10th over - 0 runs, 0 hits, 0 errors, 1 left on base; Boston 2 - Tampa Bay 2 |
BOTTOM OF THE 10TH |
Tampa Bay Rays batting - Pitching for Boston Red Sox : RHP Oliver Drake
|
Pitching: RHP Edwin Diaz
|
|
Batting: LHB Chris Davis
|
0-0: Called Strike 0-1: Ball 1-1: Called Strike 1-2: Foul Ball, location: 2F 1-2: Ball 2-2: Ball 3-2: Base on Balls
|
Batting: LHB Michael Conforto
|
0-0: Ball 1-0: Ball 2-0: Ball 3-0: Called Strike 3-1: Called Strike 3-2: Foul Ball, location: 2F 3-2: Foul Ball, location: 2F 3-2: Base on Balls Chris Davis to second
|
Batting: RHB A.J. Pollock
|
0-0: Called Strike 0-1: Ground out 5-3 (Groundball, 56S) Chris Davis to third Michael Conforto to second
|
Batting: LHB Joey Votto
|
0-0: Intentional Walk
|
Pitching: RHP Dan Otero
|
|
Batting: RHB Gary Sanchez
|
0-0: Ball 1-0: Ball Wild Pitch! Chris Davis scores
|
 |
Wednesday, July 18th, 2018 - OOTP Baseball 19.7 Build 59
|
|